 Dungeon Crawl Stone Soup version 0.29-a0-648-g6b26cc9f40 (webtiles) character file.

Game seed: 16255202329252375647

219 avis the Chiller (level 5, -9/45 HPs)
             Began as a Demigod Ice Elementalist on June 20, 2022.
             Mangled by a gnoll
             ... wielding a +2 halberd of freezing
              (10 damage)
             ... on level 3 of the Dungeon.
             The game lasted 00:24:51 (4547 turns).

avis the Chiller (Demigod Ice Elementalist)         Turns: 4547, Time: 00:24:52

Health: -9/45      AC:  8    Str:  9    XL:     5   Next: 36%
Magic:  4/11       EV: 12    Int: 17    God:
Gold:   77         SH:  0    Dex: 18    Spells: 4/8 levels left

rFire   . . .      SeeInvis .   a - +1 dagger (venom)
rCold   . . .      Faith    .   (no shield)
rNeg    . . .      Spirit   .   q - +0 robe
rPois   .          Reflect  .   (no helmet)
rElec   .          Harm     .   d - scarf {repulsion}
rCorr   .          Rampage  .   (no gloves)
Will    .....                   (no boots)
Stlth   ++........              (no amulet)
HPRegen 0.15/turn               (no ring)
MPRegen 0.12/turn               (no ring)

@: ice-armoured, attractive, repel missiles
A: high MP 1, forlorn, divine attributes
a: no special abilities


You were on level 3 of the Dungeon.
You visited 1 branch of the dungeon, and saw 3 of its levels.

You collected 77 gold pieces.

Inventory:

Hand Weapons
 a - a +1 dagger of venom (weapon)
 g - a +0 short sword
 h - a +0 dagger
Missiles
 j - 3 javelins (quivered)
Armour
 d - a scarf of repulsion (worn)
 q - a +0 robe (worn)
 s - an orb of energy
Magical Staves
 i - a staff of cold
Scrolls
 l - a scroll of acquirement {unknown}
 m - a scroll of summoning {unknown}
 o - 3 scrolls of teleportation {unknown}
 p - 2 scrolls of immolation {unknown}
 r - 2 scrolls of amnesia {unknown}
Potions
 b - a potion of magic
 c - a potion of curing {unknown}
 e - 2 potions of heal wounds {unknown}
 f - a potion of brilliance {unknown}
 k - a potion of lignification {unknown}
 n - 2 potions of attraction


   Skills:
 - Level 3.0 Fighting
 - Level 2.0 Dodging
 - Level 2.0 Stealth
 * Level 2.3 Spellcasting
 - Level 5.0 Ice Magic


You had 4 spell levels left.
You knew the following spells:

 Your Spells              Type           Power      Damage    Failure   Level
a - Freeze                Ice            76%        1d9       2%          1
o - Ozocubu's Armour      Ice            19%        N/A       7%          3

Your spell library contained the following spells:

 Spells                   Type           Power      Damage    Failure   Level
 Frozen Ramparts          Ice            38%        1d5       7%          3
 Hailstorm                Conj/Ice       10%        3d5       54%         4
 Animate Dead             Necr           2%         N/A       88%         4
 Borgnjor's Vile Clutch   Necr/Erth      1%         N/A       99%         5
 Death Channel            Necr           1%         N/A       100%        6


Dungeon Overview and Level Annotations

Branches:
Dungeon (3/15)

Shops:
D:1 (   D:3 [


Innate Abilities, Weirdness & Mutations

You have an increased reservoir of magic. (+10% MP)
You shall have no god before yourself.
Your divine heritage dramatically boosts your attributes as you level up.


Message History

The gnoll barely misses you.
You hit the gnoll.
The gnoll is moderately wounded.
The gnoll barely misses you. The gnoll closely misses you.
You hit the gnoll.
The gnoll is poisoned.
The gnoll is heavily wounded.
The gnoll barely misses you. x2
You hit the gnoll but do no damage.
The gnoll looks even sicker.
The gnoll is heavily wounded.
The gnoll barely misses you.
The gnoll hits you from afar with a +2 halberd of freezing.
The gnoll freezes you.
You closely miss the gnoll.
The gnoll is severely wounded.
The gnoll closely misses you. The gnoll hits you but does no damage.
You hit the gnoll.
The gnoll looks as sick as possible!
The gnoll is almost dead.
You kill the gnoll!
The gnoll misses you.
Your icy armour will break if you move.
Continue?
Your icy armour cracks and falls away as you move.
The gnoll barely misses you.
Things that are here:
a +0 whip; a +0 halberd
Casting: Freeze (safe; 2% risk of failure)
Confirm with . or Enter, or press ? or * to list all spells.
A film of ice covers your body!
The gnoll hits you with a +2 halberd of freezing!
The gnoll freezes you.
* * * LOW HITPOINT WARNING * * *
You hit the gnoll.
The gnoll is poisoned.
The gnoll is moderately wounded.
The gnoll hits you with a +2 halberd of freezing!
* * * LOW HITPOINT WARNING * * *
The gnoll freezes you.
* * * LOW HITPOINT WARNING * * *
It was a potion of attraction.
You feel attractive to monsters.
The gnoll hits you with a +2 halberd of freezing!
You die...

.#####.#
######.#......
#####.............
#.....####.#.#...#
#.#.#.# ##.#.#.###
#.#.#.# #..#.#.#
#.#.#.###.##.#.###
#.#.#>............
#@#.#.###.##.#.###
#g#.#.# #.##.#.#
#<#.#.# #.##.#.#
#.# #.# #....#.#
#.# #.# #.####.#
#.# #.# ### #.#
#.# ... .# ..# #.#


You could see a gnoll (very poisoned).

Vanquished Creatures
  Natasha (thrice) (D:2)
  An adder (D:2)
  6 gnolls
  A worm (D:2)
  A dart slug (D:2)
  5 ball pythons
  7 bats
  5 endoplasms
  2 giant cockroaches (D:1)
  6 goblins
  6 hobgoblins
  7 jackals
  5 kobolds
  7 quokkas
  2 frilled lizards (D:2)
  4 rats (D:1)
68 creatures vanquished.

Notes
Turn   | Place    | Note
-------+----------+-------------------------------------------
     0 | D:1      | avis the Demigod Ice Elementalist began the quest for the
                  | Orb.
     0 | D:1      | Reached XP level 1. HP: 14/14 MP: 5/5
   450 | D:1      | Reached skill level 4 in Ice Magic
   484 | D:1      | Reached XP level 2. HP: 18/22 MP: 1/7
   594 | D:1      | Reached skill level 1 in Fighting
  1449 | D:1      | Found Hinad's Antique Weapon Shop.
  1669 | D:1      | Reached XP level 3. HP: 29/29 MP: 8/8
  1673 | D:1      | Learned a level 3 spell: Ozocubu's Armour
  1848 | D:2      | Noticed Natasha
  2973 | D:2      | Killed Natasha
  2974 | D:2      | Reached XP level 4. HP: 36/36 MP: 3/9
  3351 | D:2      | Reached skill level 5 in Ice Magic
  3884 | D:2      | Noticed Natasha
  3901 | D:2      | Killed Natasha
  3902 | D:2      | Reached XP level 5. HP: 22/42 MP: 4/10
  4202 | D:2      | Noticed Natasha
  4209 | D:2      | Killed Natasha
  4274 | D:3      | Found Jepleats's Armour Emporium.
  4546 | D:3      | HP: 1/45 [gnoll/+2 halberd of freezing (2)]
  4547 | D:3      | Mangled by a gnoll

Illustrated notes

Levels and vault maps discovered:
D:1:      lightli_arrival_quake, layout_loops_corners,
          nicolae_ecumenical_snake_handling, serial_shops,
          nicolae_lakefront_shop, dk_noncrumbling_2, minivault_19
D:2:      layout_basic, uniq_natasha
D:3:      layout_basic, serial_shops, nicolae_shop_waterfront,
          interstate_on_off, minmay_liquid_box

Skill      XL: |  1  2  3  4  5 |
---------------+----------------+-----
Ice Magic      | 4 5 |  5.0
Fighting       | 1 2 3 |  3.0
Spellcasting   | 2 |  2.3
Stealth        | 2 |  2.0
Dodging        | 2 |  2.0

Action                   |  1- 3 |  4- 6 || total
-------------------------+-------+-------++-------
Melee: Unarmed           |     3 |       ||     3
       Hand axe          |     1 |       ||     1
       Short sword       |    25 |       ||    25
       Dagger            |     2 |    41 ||    43
       Punch             |     1 |     1 ||     2
Throw: Javelin           |       |     2 ||     2
 Cast: Freeze            |    59 |    27 ||    86
       Ozocubu's Armour  |     3 |     8 ||    11
  Use: Potion            |       |     1 ||     1
 Stab: Sleeping          |     5 |     1 ||     6
       Distracted        |       |     1 ||     1
Armor: Robe              |    10 |    19 ||    29
Dodge: Dodged            |    41 |    42 ||    83

Table legend: (Time is in decaauts)
 A = Elapsed time spent in this place.
 B = Non-inter-level travel time spent in this place.
 C = Inter-level travel time spent in this place.
 D = Time resting spent in this place.
 E = Time spent auto-exploring this place.
 F = Levels seen in this place.
 G = Mean time per level.
                   A        B        C        D        E       F      G
               +--------+--------+--------+--------+--------+-----+--------+
         Total |   4557 |   4054 |    503 |   1815 |   1561 |   3 | 1519.0 |
       Dungeon |   4557 |   4054 |    503 |   1815 |   1561 |   3 | 1519.0 |
               +--------+--------+--------+--------+--------+-----+--------+

Top non-repeatable levels by time:
     D:2: 2265 daAuts
     D:1: 2001 daAuts
     D:3: 291 daAuts
